Unix NetHack Version 3.7.0-97 Work-in-progress - last build Jan 28 2024 15:41:29 (157cf090cb53e479d994ec1a4552202481ff9585,branch:master). Game began 2024-01-29 19:20:40, ended 2024-01-30 17:19:49. youngster, lawful female human Knight .-- .<-- ... ...|...% --..%G... --..@-- --G.| Youngster the Gallant St:14 Dx:9 Co:11 In:7 Wi:16 Ch:18 Lawful Dlvl:5 $:37 HP:0(16) Pw:3(3) AC:3 Xp:1/3 T:1195 Burdened Latest messages: GRAPEFRUIT drops a gnome corpse. You see here a gnome corpse. There is a gnome corpse here; eat it? [ynq] (n) This gnome corpse tastes okay. You hear some noises. You stop eating the gnome corpse. You see here an arrow. GRAPEFRUIT hits it. GRAPEFRUIT bites it. It misses GRAPEFRUIT. GRAPEFRUIT misses the gnome. GRAPEFRUIT bites the gnome. The gnome is killed! You see here a partly eaten gnome corpse. An arrow misses you. There is a partly eaten gnome corpse here; eat it? [ynq] (n) You resume your meal. GRAPEFRUIT hits it. You stop eating the gnome corpse. You are hit by an arrow. The arrow hits the gnome. The gnome is killed! An arrow misses you. You see here an arrow. GRAPEFRUIT drops a gnome corpse. The gnome hits! GRAPEFRUIT misses it. GRAPEFRUIT bites it. It swings its bow at GRAPEFRUIT. It misses GRAPEFRUIT. GRAPEFRUIT drops a gnome corpse. GRAPEFRUIT misses it. GRAPEFRUIT bites it. GRAPEFRUIT hits it. The gnome picks up 2 tripe rations. GRAPEFRUIT misses the gnome. GRAPEFRUIT misses the gnome. You see here an arrow. You hear some noises. The gnome lord swings his bow. The gnome lord hits! It misses the gnome. It bites the gnome. It hits the gnome. It knocks the gnome backward with a powerful blow! # You begin praying to Lugh. The gnome lord swings his bow. The gnome lord hits! You die... Inventory: Coins ('$') $ - 37 gold pieces Weapons (')') a - an uncursed +1 long sword (weapon in right hand) b - an uncursed +1 lance Armor ('[') d - an uncursed +0 helmet (being worn) f - an uncursed +0 pair of leather gloves (being worn) e - an uncursed +0 small shield (being worn) c - an uncursed +1 ring mail (being worn) Comestibles ('%') g - 10 uncursed apples h - 12 uncursed carrots l - 2 uncursed food rations r - 2 uncursed melons v - 3 uncursed tripe rations t - an uncursed egg Scrolls ('?') m - an uncursed scroll of enchant armor o - a blessed scroll of remove curse n - an uncursed scroll of remove curse Potions ('!') i - 2 uncursed potions of gain energy Wands ('/') s - an uncursed wand of polymorph (0:2) x - an uncursed wand of undead turning (0:6) Tools ('(') B - an uncursed tinning kit named !c (0:50) j - an uncursed towel Gems/Stones ('*') p - a cursed worthless piece of white glass k - a cursed worthless piece of yellow glass w - an uncursed flint stone Youngster the Knight's attributes: Background: You were a Gallant, a level 1 female human Knight. You were lawful, on a mission for Lugh who was opposed by Brigit (neutral) and Manannan Mac Lir (chaotic). You were right-handed. You were in the Gnomish Mines, on level 5. You entered the dungeon 1195 turns ago. You had 3 experience points, 17 more were needed to attain level 2. Basics: You had 0 out of 16 hit points. You had all 3 energy points (spell power). Your armor class was 3. Your wallet contained 37 zorkmids. Autopickup was on for '$?!"=/*' plus thrown, with exceptions. Final Characteristics: Your strength was 14 (limit:18/100). Your dexterity was 9 (limit:18). Your constitution was 11 (limit:18). Your intelligence was 7 (limit:18). Your wisdom was 16 (limit:18). Your charisma was 18 (limit:18). Final Status: You weren't hungry. You were burdened; movement was slightly slowed. You were wielding a long sword. You had basic skill with long sword. Final Attributes: You were devoutly aligned. You could jump. You were warded. You were unlucky. You are dead. Miscellaneous: You never encountered a bones level. Total elapsed playing time was 18 minutes and 14 seconds. Major events: Turn 1: youngster the lawful female human Knight entered the dungeon 721: entered the Gnomish Mines 1195: killed by a gnome lord, while praying Vanquished creatures: a giant bat a hobbit 3 giant rats 6 gnomes 5 jackals 3 foxes a kobold 2 sewer rats 4 grid bugs 3 lichens 3 kobold zombies 5 newts 37 creatures vanquished. No species were genocided or became extinct. Voluntary challenges: You read items or engraved 6 times. You engraved Elbereth 4 times. You never genocided any monsters. You never changed form. You used no wishes. Achievements: You entered a shop. You entered the Gnomish Mines. The Dungeons of Doom: levels 1 to 3 Level 1: Some fountains. Level 2: "unlocked box" An altar, a fountain. Level 3: A fountain, a grave. Stairs down to The Gnomish Mines. The Gnomish Mines: levels 4 to 5 Level 4: Level 5: <- You were here. Final resting place for you, killed by a gnome lord, while praying. Game over: ---------- / \ / REST \ / IN \ / PEACE \ / \ | youngster | | 37 Au | | killed by a | | gnome lord | | | | | | 2024 | *| * * * | * _________)/\\_//(\/(/\)/\//\/|_)_______ Fare thee well youngster the Knight... You died in The Gnomish Mines on dungeon level 5 with 246 points, and 37 pieces of gold, after 1195 moves. You were level 1 with a maximum of 16 hit points when you died.